 Dungeon Crawl Stone Soup version 0.31-a0-325-g067879e3d3 (webtiles) character file.

Game seed: 4288475060285155043

1745 BrainTurd the Sneak (level 9, -26/35 HPs)
             Began as a Vine Stalker Enchanter on July 18, 2023.
             Was a Priest of Hepliaklqana.
             Annihilated by a boulder beetle (39 damage)
             ... on level 7 of the Dungeon.
             The game lasted 00:35:43 (5951 turns).

BrainTurd the Sneak (Vine Stalker Enchanter)        Turns: 5951, Time: 00:35:43

Health: -26/35     AC:  3    Str: 12    XL:     9   Next: 6%
Magic:  0/13       EV: 27    Int: 15    God:    Hepliaklqana [***...]
Gold:   450        SH:  0    Dex: 18    Spells: 7/12 levels left

rFire   . . .        l - +2 dagger (venom)
rCold   . . .        (no shield)
rNeg    . . .        A - +0 robe {Will+}
rPois   .            h - +0 hat
rElec   .            E - scarf {repulsion}
rCorr   .            z - +0 pair of gloves
SInv    .            (no boots)
Will    ++...        r - amulet of the acrobat
Stlth   ++++         (no ring)
HPRegen 1.05/turn    (no ring)
MPRegen 0.13/turn

%: repel missiles, acrobat, guardian spirit
@: acrobatic
A: reduced essence, fangs 3, regeneration 1, magic shield, antimagic bite, no
potion heal 2
a: Renounce Religion, Recall Ancestor, Ancestor Identity, Transference


You were on level 7 of the Dungeon.
You worshipped Hepliaklqana.
Hepliaklqana was most pleased with you.
You visited 1 branch of the dungeon, and saw 7 of its levels.

You collected 450 gold pieces.

Inventory:

Hand Weapons
 l - a +2 dagger of venom (weapon)
Missiles
 g - 41 stones
Armour
 b - a +0 robe
 h - a +0 hat (worn)
 z - a +0 pair of gloves (worn)
 A - a +0 robe of willpower (worn)
 E - a scarf of repulsion (worn)
Jewellery
 r - an amulet of the acrobat (around neck)
Talismans
 s - a storm talisman
Wands
 u - a wand of polymorph (8)
 v - a wand of flame (9)
 w - a wand of roots (16)
 B - a wand of acid (8)
 D - a wand of charming (12)
Scrolls
 a - 2 scrolls of teleportation
 d - 5 scrolls of identify
 j - 3 scrolls of amnesia {unknown}
 k - 4 scrolls of enchant armour {unknown}
 m - 2 scrolls of noise {unknown}
 t - a scroll of immolation {unknown}
 x - 2 scrolls of fear {unknown}
 y - a scroll of enchant weapon {unknown}
 C - 3 scrolls of fog {unknown}
Potions
 c - 2 potions of invisibility
 e - a potion of might
 f - a potion of haste
 i - 2 potions of degeneration {unknown}
 n - 2 potions of mutation {unknown}
 o - 2 potions of enlightenment {unknown}
 p - 3 potions of curing {unknown}
 q - 2 potions of heal wounds {unknown}


   Skills:
 * Level 6.4 Short Blades
 - Level 1.5 Dodging
 + Level 7.3 Stealth
 - Level 2.1 Spellcasting
 * Level 7.2 Hexes
 + Level 3.0 Ice Magic


You had 7 spell levels left.
You knew the following spells:

 Your Spells              Type           Power      Damage    Failure   Level
a - Ensorcelled Hibernat  Hex/Ice        34%        N/A       4%          2
b - Tukima's Dance        Hex            23%        N/A       3%          3

Your spell library contained the following spells:

 Spells                   Type           Power      Damage    Failure   Level
 Confusing Touch          Hex            23%        N/A       3%          3
 Dazzling Flash           Conj/Hex       24%        N/A       16%         3
 Portal Projectile        Hex/Tloc       24%        N/A       16%         3
 Apportation              Tloc           2%         N/A       22%         1
 Magic Dart               Conj           4%         1d3       22%         1
 Call Imp                 Summ           2%         N/A       32%         2
 Cigotuvi's Dreadful Rot  Necr/Pois/Air  2%         N/A       32%         2
 Passwall                 Tmut/Erth      0%         N/A       32%         2
 Ignite Poison            Fire/Tmut/Pois 1%         N/A       54%         3
 Mephitic Cloud           Conj/Pois/Air  1%         N/A       54%         3
 Swiftness                Air            1%         N/A       54%         3
 Volatile Blastmotes      Fire/Tloc      2%         2d10      54%         3
 Iskenderun's Mystic Bla  Conj/Tloc      1%         2d3       91%         4
 Alistair's Intoxication  Tmut/Pois      0%         N/A       99%         5
 Freezing Cloud           Conj/Ice/Air   2%         6-21      99%         5
 Starburst                Conj/Fire      0%         6d3       100%        6
 Maxwell's Capacitive Co  Air            0%         ∞         100%        8


Dungeon Overview and Level Annotations

Branches:
Dungeon (7/15)             Temple (0/1) D:7

Altars:
Hepliaklqana
Makhleb
Nemelex Xobeh
Okawaru
Sif Muna

Shops:
D:2 ?   D:5 (

Annotations:
D:5 1 runed translucent door, hgbash's ghost, novice SpSh


Innate Abilities, Weirdness & Mutations

Your life essence is reduced to manifest your ancestor. (-10% HP)
You have razor-sharp teeth.
Your natural rate of healing is unusually fast.
When hurt, damage is shared between your health and your magic reserves.
Your bite disrupts and absorbs the magic of your enemies.
Potions cannot restore your health.


Message History

The white ugly thing looks more healthy.
As you read the scroll of teleportation, it crumbles to dust.
You feel strangely unstable. The white ugly thing headbutts you.
The white ugly thing freezes you!
Your surroundings suddenly seem different.
You start putting on your armour.
You continue putting on your scarf of repulsion. x4
You finish putting on your scarf of repulsion.
You are surrounded by a repulsion field.
Alicia emerges from the mists of memory!
A boulder beetle comes into view.
A kobold demonologist comes into view. It is wielding a +0 dagger.
You swap places.
The boulder beetle misses you.
Alicia hits the boulder beetle but does no damage.
Aiming: Ensorcelled Hibernation (safe; 4% risk of failure)
Press: ? - help, Q - select action, (/) - cycle Shift-Dir - straight line, f - boulder beetle
Aim: a boulder beetle (chance to affect: 32%)
The boulder beetle looks drowsy...
Alicia hits the boulder beetle with a +0 dagger of draining!
Alicia drains the boulder beetle.
The boulder beetle bites you!!
Alicia hits the boulder beetle but does no damage.
You hear a shout!
Alicia hits the boulder beetle with a +0 dagger of draining.
Alicia drains the boulder beetle.
The boulder beetle leaps!
The boulder beetle attacks as you move away!
The boulder beetle bites you!!
* * * LOW HITPOINT WARNING * * *
Press: ? - help, v - describe, . - travel
Here: a boulder beetle (moderately wounded, lightly drained)
The floor.
You don't have enough magic to cast this spell.
Unknown command.
You don't have enough magic to cast this spell.
You don't have enough magic to cast this spell.
The boulder beetle curls into a ball and begins rolling!
The kobold demonologist casts a spell.
You don't have enough magic to cast this spell.
The boulder beetle hits you!!!
Ouch! That really hurt!
You die...

#.# #.##.##.# #...# #.# #.##.##.#
#...# ##.### #.......# ###...##
.....#### #######.#### #......#
##.#....#####..........###.##.#.#
##....###..K####................#
####.##..# #..............#.#
####.##..#### #.............#..#
.....####K.5####@...........###.#
###### #5..°.##B......##....#...
###...#R°○.......###.##.###
#..###########.......##.### #..#
#.#####....... ###. #..# #.......
## ##.# #.....). #.# #.......
##.## #.......


You could see a boulder beetle (rolling, drained).

Vanquished Creatures
  2 black bears (D:5)
  A phantom (D:4)
  A scorpion (D:4)
  A bullfrog (D:6)
  4 killer bees (D:7)
  A howler monkey (D:6)
  An orc priest (D:2)
  A jelly (D:5)
  Jessica (D:3)
  Terence (D:2)
  3 iguanas
  3 orc wizards
  2 gnolls (D:7)
  7 adders
  2 white imps
  4 dart slugs
  8 orcs
  4 bats
  7 endoplasms
  A giant cockroach (D:4)
  5 goblins
  6 hobgoblins
  2 quokkas
  2 frilled lizards (D:3)
  7 kobolds
  8 rats
85 creatures vanquished.

Vanquished Creatures (collateral kills)
  A sky beast (D:7)
  An orc warrior (D:6)
  An ice beast (D:6)
  A centaur (D:6)
  A bullfrog (D:3)
  A scorpion (D:6)
  A killer bee (D:7)
  A gnoll bouda (D:7)
  2 orc priests (D:6)
  A jelly (D:6)
  3 orc wizards
  A gnoll (D:7)
  An adder (D:4)
  5 orcs
  A giant cockroach (D:4)
22 creatures vanquished.

Vanquished Creatures (others)
  An ancestor (D:5)
  3 hexers
4 creatures vanquished.

Grand Total: 111 creatures vanquished

Notes
Turn   | Place    | Note
-------+----------+-------------------------------------------
     0 | D:1      | BrainTurd the Vine Stalker Enchanter began the quest for
                  | the Orb.
     0 | D:1      | Reached XP level 1. HP: 9/9 MP: 4/4
    27 | D:1      | Reached skill level 1 in Short Blades
   114 | D:1      | Reached XP level 2. HP: 6/13 MP: 6/6
   243 | D:1      | Learned a level 2 spell: Ensorcelled Hibernation
   436 | D:1      | Reached XP level 3. HP: 9/16 MP: 4/7
   440 | D:1      | Learned a level 3 spell: Tukima's Dance
  1179 | D:2      | Gained mutation: Your natural rate of healing is unusually
                  | fast. [Vine Stalker growth]
  1179 | D:2      | Reached XP level 4. HP: 21/21 MP: 5/8
  1321 | D:2      | Noticed Terence
  1406 | D:2      | Found Lacuy's Magic Scroll Boutique.
  1502 | D:2      | Killed Terence
  1503 | D:2      | Reached XP level 5. HP: 24/24 MP: 6/9
  1652 | D:3      | Noticed Jessica
  1659 | D:3      | Killed Jessica
  1821 | D:3      | Found a faded altar of an unknown god.
  1842 | D:3      | Prayed at the altar of an unknown god.
  1842 | D:3      | Became a worshipper of Hepliaklqana the Forgotten
  1842 | D:3      | Reached * piety under Hepliaklqana
  1903 | D:3      | Reached skill level 5 in Stealth
  1903 | D:3      | Reached XP level 6. HP: 16/25 MP: 2/10
  2497 | D:4      | Found a sparkling altar of Nemelex Xobeh.
  2680 | D:4      | Reached ** piety under Hepliaklqana
  2777 | D:4      | Upgraded the game from 0.31-a0-321-g19405a7a6a to
                  | 0.31-a0-325-g067879e3d3
  2973 | D:5      | Entered Level 5 of the Dungeon
  3134 | D:5      | Noticed a black bear
  3145 | D:5      | Remembered your ancestor Alicia as a hexer
  3152 | D:5      | Noticed a black bear
  3157 | D:5      | Killed a black bear
  3158 | D:5      | Reached skill level 5 in Hexes
  3158 | D:5      | Reached XP level 7. HP: 21/28 MP: 7/11
  3341 | D:5      | Found Toupeop's Weapon Boutique.
  3407 | D:5      | Found a hazy altar of Hepliaklqana.
  3459 | D:5      | Found a runed translucent door.
  3460 | D:5      | Noticed hgbash's ghost (novice SpSh)
  4034 | D:6      | Reached skill level 5 in Short Blades
  4054 | D:6      | Reached skill level 1 in Ice Magic
  4079 | D:6      | Gained mutation: You have razor-sharp teeth. [Vine Stalker
                  | growth]
  4079 | D:6      | Reached XP level 8. HP: 18/32 MP: 6/12
  4228 | D:6      | Found an iron altar of Okawaru.
  4228 | D:6      | Found a burning altar of Makhleb.
  4229 | D:6      | Found a shimmering blue altar of Sif Muna.
  4971 | D:7      | Found a staircase to the Ecumenical Temple.
  5060 | D:7      | Reached *** piety under Hepliaklqana
  5543 | D:7      | Reached XP level 9. HP: 20/35 MP: 4/13
  5810 | D:7      | Noticed a white ugly thing
  5939 | D:7      | Noticed a boulder beetle
  5940 | D:7      | Noticed a kobold demonologist
  5951 | D:7      | Annihilated by a boulder beetle

Illustrated notes

Levels and vault maps discovered:
D:1:      spicycebolla_green_bress_n_ham_2, layout_basic
D:2:      cheibrodos_helix_gallery, layout_rooms, serial_shops,
          nicolae_shop_trees, uniq_terence
D:3:      layout_loops_ring, hellmonk_ecumenical_altar_lost_god, uniq_jessica
D:4:      layout_basic, lemuel_round_altar
D:5:      layout_loops_ring, worldfamousw_hep_ancestral_shrine, serial_shops,
          kennysheep_little_box, gammafunk_ghost_grave
D:6:      layout_cave_pods, gammafunk_temple_overflow_claw
D:7:      minmay_blocky_corners, layout_loops_cross, minmay_temple_entry_slanted

Skill      XL: |  1  2  3  4  5  6  7  8  9 |
---------------+----------------------------+-----
Short Blades   | 1 2 3 4 5 6 |  6.4
Stealth        | 4 5 6 7 |  7.3
Hexes          | 4 5 7 |  7.2
Ice Magic      | 1 2 3 |  3.0
Dodging        | |  1.5
Spellcasting   | |  2.1

Action                     |  1- 3 |  4- 6 |  7- 9 || total
---------------------------+-------+-------+-------++-------
  Melee: Dagger            |    95 |    68 |    95 ||   258
         Bite              |    23 |    17 |    31 ||    71
         Punch             |     1 |       |       ||     1
  Throw: Stone             |       |     1 |       ||     1
   Cast: Ensorcelled Hiber |     4 |    11 |    24 ||    39
 Invoke: Ancestor Identity |       |     2 |       ||     2
         Ancestor Life: He |       |     1 |       ||     1
    Use: Scroll            |       |     5 |     2 ||     7
   Stab: Sleeping          |     7 |    13 |     8 ||    28
         Confused          |       |       |     4 ||     4
 Armour: Robe              |    18 |     7 |    10 ||    35
         Skin              |       |       |     2 ||     2
  Dodge: Dodged            |    52 |    24 |    51 ||   127

Table legend: (Time is in decaauts)
 A = Elapsed time spent in this place.
 B = Non-inter-level travel time spent in this place.
 C = Inter-level travel time spent in this place.
 D = Time resting spent in this place.
 E = Time spent auto-exploring this place.
 F = Levels seen in this place.
 G = Mean time per level.
                   A        B        C        D        E       F      G
               +--------+--------+--------+--------+--------+-----+--------+
         Total |   5908 |   5680 |    228 |    251 |   4080 |   7 |  844.0 |
       Dungeon |   5908 |   5680 |    228 |    251 |   4080 |   7 |  844.0 |
               +--------+--------+--------+--------+--------+-----+--------+

Top non-repeatable levels by time:
     D:7: 975 daAuts
     D:5: 965 daAuts
     D:6: 953 daAuts
     D:1: 869 daAuts
     D:2: 743 daAuts
     D:4: 726 daAuts
     D:3: 676 daAuts
